groovejumper, neutral female human Wizard ---. ----....| --......)| |...<....-- |..|...*%.-- ---- -.....| .....| ------- .....| .@>.... |..|.. -----.-.--.---............|..-------- ----.- |............................*..... |...- --.......-------...........-----.....--.--. --.......| |........ groovejumper the Thaumaturge Experience level: 9 Strength: 14 Dexterity: 18 Constitution: 15 Intelligence: 16 Wisdom: 11 Charisma: 11 Health: 0(65) Energy: 58(68) AC: 8 Gold: 0 Moves: 8819 Your Inventory: Weapons a - a blessed +3 quarterstaff (weapon in hands) Armor q - an [uncursed] +0 leather hat [elven leather helm] (being worn) A - an uncursed +0 cloak of magic resistance (being worn) W - an uncursed burnt +0 pair of water walking boots (being worn) Comestibles v - an [uncursed] food ration Scrolls D - an [uncursed] scroll called earth [of earth] Rings d - an uncursed ring of slow digestion (on right hand) T - an uncursed +1 ring of gain constitution and brilliance (on left hand) Wands z - a [cursed] wand of fire [0:7] C - an uncursed wand of teleportation (0:7) Tools b - an [uncursed] sack u - an [uncursed +0] unicorn horn B - an [uncursed] lock pick Q - an [uncursed] blindfold Gems K - an [uncursed] gray stone named touchstone [touchstone] Contents of the sack: 1573 gold pieces an [uncursed] avacado an [uncursed] cram ration 5 [uncursed] food rations 2 [uncursed] pancakes 2 [uncursed] scrolls called earth [of earth] a [blessed] scroll called earth [of earth] an [uncursed] scroll labeled YUM YUM [of gold detection] a cursed scroll of blank paper an [uncursed] scroll of blank paper an uncursed scroll of confuse monster a blessed scroll of create monster 2 uncursed scrolls of light 2 uncursed scrolls of remove curse an uncursed scroll of teleportation 2 uncursed potions of extra healing a [blessed] potion of extra healing an [uncursed] potion of hallucination an uncursed potion of levitation an [uncursed] potion of oil a blessed potion of restore ability an [uncursed] potion of restore ability 4 uncursed potions of water a potion of [unholy] water an [uncursed +2] ceramic ring [of gain strength] a [cursed -4] mithril ring [of gain intelligence] a [cursed] opal ring [of hunger] an uncursed +1 ring of adornment an uncursed ring of cold resistance an uncursed +0 ring of gain wisdom an uncursed ring of see invisible an [uncursed] aluminum wand [of slow monster (0:4)] an [uncursed] copper wand [of cold (0:4)] an [uncursed] curved wand [of polymorph (0:6)] an [uncursed] spiked wand [of secret door detection (0:12)] an [uncursed] spiked wand [of secret door detection (0:13)] an uncursed wand of light (0:11) a [blessed] wand of light [0:14] an [uncursed] wand of light [0:11] an uncursed wand of make invisible (0:7) an [uncursed] wand of make invisible [0:8] an uncursed wand of sleep (0:4) an uncursed wand of striking (0:5) an [uncursed] wand of striking [0:5] an [uncursed] brass lantern an [uncursed] magic marker [0:51] Spells known in the end: Name Level Category Fail Memory a - force bolt 1 attack 0% [|||||...] b - magic missile 2 attack 0% [|||||...] c - invisibility 4 escape 100% [||||||..] Your skills at the end: Fighting Skills Weapon Skills quarterstaff [Skilled / Expert] Spellcasting Skills attack spells [Skilled / Expert] enchantment spells [Basic / Skilled] Final Attributes: You were piously aligned. Hunger level was 554. Your alignment was 54 / 54. Monster difficulty range was 1 - 8. Level difficulty was 7. You were magic-protected. You could walk on water. You had slower digestion. Your luck was zero. You are dead. Vanquished creatures: 2 giant mimics 2 small mimics a freezing sphere a tengu a giant beetle 2 winter wolf cubs a lynx a panther a gremlin a leprechaun a mumak a horse a vampire bat a gnome king 2 orc mummies an owlbear 2 Green-elves 2 housecats a blue jelly a black unicorn a dust vortex a raven a plains centaur a gnome mummy an ape a rope golem 2 Woodland-elves a soldier ant a fire ant an imp a water nymph a mountain nymph 2 rock piercers 3 enormous rats 2 fog clouds a shrieker a violet fungus 3 gnome lords a gnomish wizard a kobold mummy a guardian naga hatchling 3 gray oozes 2 elf zombies a straw golem a paper golem 4 baby crocodiles 3 giant ants a little dog 2 floating eyes 8 dwarves a homunculus 2 kobold lords 12 hill orcs 2 rothes a rabid rat a centipede a giant bat 3 Kop Sergeants a monkey 9 orc zombies 5 dwarf zombies a wererat a werejackal 2 iguanas 3 killer bees 2 acid blobs 2 coyotes 5 hobbits 4 large kobolds 2 hobgoblins 6 giant rats 7 cave spiders 2 yellow molds 2 green molds 2 red molds 19 gnomes 6 Keystone Kops 3 gnome zombies 2 geckos 5 jackals 4 foxes a kobold a goblin 2 sewer rats 7 grid bugs a bat 6 lichens 2 kobold zombies 5 newts 222 creatures vanquished. Voluntary challenges: You were an atheist. You used a wielded weapon 210 times. You read items or engraved 32 times. You put on armor 3 times. You never genocided any monsters. You never polymorphed an object. You never changed form. You used no wishes. You wrote Elbereth's name 18 times. You encountered 1 bones level. You never used any Sokoban shortcuts. Dungeon overview: The Dungeons of Doom: levels 1 to 7 Level 1 some fountains a long staircase Level 2 a general store Level 3 a fountain Level 4 a general store, a fountain stairs to The Gnomish Mines Level 6 some fountains Level 7 a sink stairs to Sokoban The Gnomish Mines: levels 5 to 7 Level 5 stairs to The Dungeons of Doom Level 7 <- You were here Sokoban: levels 4 to 6 Level 6 a magic chest stairs to The Dungeons of Doom History has recorded: On T:1 you entered the Dungeons of Doom to retrieve the Amulet of Yendor! On T:207 you reached level 3 of The Dungeons of Doom. On T:401 you advanced to experience level 2. On T:509 you advanced to experience level 3. On T:560 you advanced to experience level 4. On T:574 you reached level 2 of The Dungeons of Doom. On T:1095 you reached level 4 of The Dungeons of Doom. On T:1707 you advanced to experience level 5. On T:1873 you reached level 1 of The Gnomish Mines. On T:1991 you advanced to experience level 6. On T:2118 you reached level 5 of The Dungeons of Doom. On T:2444 you advanced to experience level 7. On T:2485 you reached level 6 of The Dungeons of Doom. On T:2915 you received advice from The Oracle. On T:3098 you advanced to experience level 8. On T:3118 you reached level 7 of The Dungeons of Doom. On T:3277 you reached level 3 of Sokoban. On T:4019 you reached level 2 of Sokoban. On T:4462 you reached level 1 of Sokoban. On T:5724 you advanced to experience level 9. On T:7624 you reached level 2 of The Gnomish Mines. On T:8686 you reached level 3 of The Gnomish Mines. Latest messages: The gremlin bites! The gremlin hits! [HP-5=47] [2 turns] You hit the gremlin! The gremlin hits! (2x) The gremlin bites! The gremlin hits! The gremlin chuckles. [HP-8=39] You kill the gremlin! The magic missile hits it. You see here a gremlin corpse. You hear a horn being played. The bolt of cold hits it. The bolt of cold hits you! You hear a horn being played. The bolt of cold misses it. The bolt of cold hits you! You die... Final status: Goodbye groovejumper the Wizard... You died in The Gnomish Mines on dungeon level 7 with 4108 points, and 1573 pieces of gold, after 8819 moves. You were level 9 with a maximum of 65 hit points when you died.